MID
SOUTH BEND CUBS @ BINGHAMTON METS
09/18/2044
 
TOP OF THE 1ST
South Bend Cubs batting - Pitching for Binghamton Mets : RHP Lawrence Luning
Pitching: RHP Lawrence Luning
Batting: RHB Jason Ostrom 0-0: Swinging Strike
0-1: Ball
1-1: Ball
2-1: Foul Ball, location: 2F
2-2: Ball
3-2: Base on Balls
Batting: RHB Omar Novoa 0-0: Ball
Jason Ostrom is caught stealing 2nd base 2-4
1-0: Ground out 6-3 (Groundball, 6MD, EV 81.3 MPH)
Batting: RHB Mike Savage 0-0: Ball
1-0: SINGLE (Line Drive, 8LS, EV 88.8 MPH)
Batting: LHB Mike DiNardo 0-0: Called Strike
Mike Savage steals 2nd base
0-1: Ground out U3 (Groundball, 3S, EV 83.8 MPH)
Top of the 1st over - 0 runs, 1 hit, 0 errors, 1 left on base; South Bend 0 - Binghamton 0
BOTTOM OF THE 1ST
Binghamton Mets batting - Pitching for South Bend Cubs : RHP Daniel Sullivan
Pitching: RHP Daniel Sullivan
Batting: LHB Jose Chavez 0-0: Swinging Strike
0-1: Foul Ball, location: 2F
0-2: Ball
1-2: Ball
2-2: DOUBLE (Flyball, 8RXD, EV 103.8 MPH)
Batting: RHB Jose Copado 0-0: Foul Ball, location: 2F
0-1: SINGLE (Groundball, 6MS, EV 88.1 MPH) (infield hit)
Jose Chavez to third
Batting: RHB Andy Solorzano Pickoff Throw to First - Error! E1
Jose Chavez scores
Jose Copado to second
0-0: Ground out 4-3 (Groundball, 4, EV 78.8 MPH)
Jose Copado to third
Batting: RHB Steve Dunaway 0-0: Ball
1-0: Foul Ball, location: 2F
1-1: Called Strike
1-2: Foul Ball, location: 2F
1-2: Ball
2-2: Foul Ball, location: 2F
2-2: Ball
3-2: Fly out, F8 (Flyball, 8LM, EV 93.1 MPH)
Batting: RHB Joe Kooyers 0-0: Called Strike
0-1: Ball
1-1: Ground out 5-3 (Groundball, 56S, EV 67.5 MPH)
Bottom of the 1st over - 1 run, 2 hits, 1 error, 1 left on base; South Bend 0 - Binghamton 1
TOP OF THE 2ND
South Bend Cubs batting - Pitching for Binghamton Mets : RHP Lawrence Luning
Batting: LHB Shuan-yan Wu 0-0: Ball
1-0: Foul Ball, location: 2F
1-1: Ground out 6-3 (Groundball, 6, EV 98.1 MPH)
Batting: LHB Jim Polson 0-0: Ball
1-0: Foul Ball, location: 2F
1-1: Ball
2-1: Foul Ball, location: 2F
2-2: Fly out, F5 (Line Drive, 5, EV 68.1 MPH)
Batting: RHB John Madden 0-0: Ball
1-0: Called Strike
1-1: Fly out, F7 (Flyball, 7, EV 87.5 MPH)
Top of the 2nd over - 0 runs, 0 hits, 0 errors, 0 left on base; South Bend 0 - Binghamton 1
BOTTOM OF THE 2ND
Binghamton Mets batting - Pitching for South Bend Cubs : RHP Daniel Sullivan
Batting: LHB Joel Soto 0-0: Ball
1-0: Ball
2-0: Fly out, F9 (Flyball, 9LM, EV 103.1 MPH)
Batting: LHB Elmo Dreier 0-0: DOUBLE (Line Drive, 9LS, EV 93.8 MPH)
Batting: RHB Jake Hansford 0-0: 2-RUN HOME RUN (Flyball, 7D, EV 105.0 MPH), Distance : 376 ft
Pitching: LHP Andres Lobato
Batting: RHB Dave Conde 0-0: Ball
1-0: Called Strike
1-1: Ball
2-1: Ball
3-1: Base on Balls
Batting: LHB Jose Chavez 0-0: Called Strike
0-1: Ball
1-1: Ball
2-1: Ball
3-1: Base on Balls
Dave Conde to second
Batting: RHB Jose Copado 0-0: SINGLE (Groundball, 25, EV 61.9 MPH) (infield hit)
Dave Conde to third
Jose Chavez to second
Batting: RHB Andy Solorzano 0-0: Called Strike
0-1: Ball
1-1: Ball
2-1: Grounds into double play, 5-4-3 (Groundball, 56, EV 100.0 MPH)
Bottom of the 2nd over - 2 runs, 3 hits, 0 errors, 2 left on base; South Bend 0 - Binghamton 3
TOP OF THE 3RD
South Bend Cubs batting - Pitching for Binghamton Mets : RHP Lawrence Luning
Batting: SHB Benoît Morin 0-0: Ball
1-0: Ball
2-0: Called Strike
2-1: Called Strike
2-2: Ball
3-2: Ground out U3 (Groundball, 23, EV 91.9 MPH)
Batting: SHB Alvaro Andrade 0-0: Called Strike
0-1: Ball
1-1: Ground out 6-3 (Groundball, 6MD, EV 101.9 MPH)
Batting: RHB Jason Ostrom 0-0: Foul Ball, location: 2F
0-1: Foul Ball, location: 2F
0-2: DOUBLE (Line Drive, 8LD, EV 105.0 MPH)
Batting: RHB Omar Novoa 0-0: Called Strike
0-1: Ball
1-1: Ball
2-1: Foul Ball, location: 2F
2-2: Strikes out swinging
Top of the 3rd over - 0 runs, 1 hit, 0 errors, 1 left on base; South Bend 0 - Binghamton 3
BOTTOM OF THE 3RD
Binghamton Mets batting - Pitching for South Bend Cubs : LHP Andres Lobato
Batting: RHB Steve Dunaway 0-0: Fly out, F8 (Line Drive, 8RD, EV 100.6 MPH)
Batting: RHB Joe Kooyers 0-0: Ball
1-0: Called Strike
1-1: Foul Ball, location: 2F
1-2: Ball
2-2: Ball
3-2: SINGLE (Groundball, 6MD, EV 96.3 MPH)
Pitching: RHP Eric Allen
Batting: LHB Joel Soto 0-0: Ball
1-0: Ball
2-0: Ball
3-0: Base on Balls
Joe Kooyers to second
Batting: LHB Elmo Dreier 0-0: Swinging Strike
0-1: DOUBLE (Flyball, 8RD, EV 104.4 MPH)
Joe Kooyers scores
Joel Soto to third
Runner from 3rd tries for Home, SAFE, throw by CF to home
Batting: RHB Jake Hansford 0-0: 2-RUN HOME RUN (Flyball, 7LD, EV 93.1 MPH), Distance : 350 ft
Batting: RHB Dave Conde 0-0: Foul Ball, location: 2F
0-1: Ball
1-1: Ball
2-1: Ball
3-1: SINGLE (Groundball, 56D, EV 110.6 MPH)
Batting: LHB Jose Chavez 0-0: Called Strike
0-1: Foul Ball, location: 2F
0-2: TRIPLE (Flyball, 89XD, EV 108.8 MPH)
Dave Conde scores
Batting: RHB Jose Copado 0-0: Ball
1-0: Foul Ball, location: 2F
1-1: Ball
2-1: Called Strike
2-2: Ball
3-2: Base on Balls
Batting: RHB Andy Solorzano 0-0: Ball
1-0: Ball
2-0: Ball
3-0: Called Strike
3-1: Base on Balls
Jose Copado to second
Batting: RHB Steve Dunaway 0-0: Ball
1-0: Ball
2-0: Ball
3-0: Called Strike
3-1: Fly out, F9 (Flyball, 9, EV 90.0 MPH)
Batting: RHB Joe Kooyers 0-0: Fielders Choice at 2nd, 6-4 (Groundball, 6, EV 101.9 MPH)
Bottom of the 3rd over - 5 runs, 5 hits, 0 errors, 3 left on base; South Bend 0 - Binghamton 8
TOP OF THE 4TH
South Bend Cubs batting - Pitching for Binghamton Mets : RHP Lawrence Luning
Batting: RHB Mike Savage 0-0: Called Strike
0-1: Ball
1-1: Ground out U3 (Groundball, 3, EV 98.1 MPH)
Batting: LHB Mike DiNardo 0-0: Ball
1-0: Called Strike
1-1: Called Strike
1-2: Strikes out swinging
Batting: LHB Shuan-yan Wu 0-0: Fly out, F8 (Line Drive, 8LD, EV 94.4 MPH)
Top of the 4th over - 0 runs, 0 hits, 0 errors, 0 left on base; South Bend 0 - Binghamton 8
BOTTOM OF THE 4TH
Binghamton Mets batting - Pitching for South Bend Cubs : RHP Eric Allen
Batting: LHB Joel Soto 0-0: Ball
1-0: Called Strike
1-1: Foul Ball, location: 2F
1-2: Ball
2-2: Ball
3-2: Base on Balls
Batting: LHB Elmo Dreier 0-0: Grounds into double play, 6-4-3 (Groundball, 6, EV 80.0 MPH)
Batting: RHB Jake Hansford 0-0: Ball
1-0: Foul Ball, location: 2F
1-1: Ball
2-1: Ball
3-1: Swinging Strike
3-2: Base on Balls
Batting: RHB Dave Conde 0-0: Ball
1-0: Called Strike
1-1: Ball
2-1: Foul Ball, location: 2F
2-2: SINGLE (Groundball, 4S, EV 61.9 MPH) (infield hit)
Jake Hansford to second
Batting: LHB Jose Chavez 0-0: Called Strike
0-1: Fielders Choice at 2nd, 6-4 (Groundball, 6, EV 106.9 MPH)
Bottom of the 4th over - 0 runs, 1 hit, 0 errors, 2 left on base; South Bend 0 - Binghamton 8
TOP OF THE 5TH
South Bend Cubs batting - Pitching for Binghamton Mets : RHP Lawrence Luning
Batting: LHB Jim Polson 0-0: Called Strike
0-1: Foul Ball, location: 2F
0-2: Ball
1-2: Strikes out swinging
Batting: RHB John Madden 0-0: Foul Ball, location: 2F
0-1: Foul Ball, location: 2F
0-2: Ground out 6-3 (Groundball, 6, EV 88.8 MPH)
Batting: SHB Benoît Morin 0-0: Foul Ball, location: 2F
0-1: Ball
1-1: Ball
2-1: Ball
3-1: Ground out 6-3 (Groundball, 6, EV 103.1 MPH)
Top of the 5th over - 0 runs, 0 hits, 0 errors, 0 left on base; South Bend 0 - Binghamton 8
BOTTOM OF THE 5TH
Binghamton Mets batting - Pitching for South Bend Cubs : RHP Eric Allen
Batting: RHB Jose Copado 0-0: Ball
1-0: Called Strike
1-1: Ball
2-1: SINGLE (Groundball, 56D, EV 93.8 MPH)
Batting: RHB Andy Solorzano 0-0: Ball
1-0: Swinging Strike
1-1: Foul Ball, location: 2F
1-2: Ball
2-2: Ball
3-2: Fly out, F7 (Flyball, 7LD, EV 105.6 MPH)
Pitching: LHP Andy Bordeaux
Batting: RHB Steve Dunaway 0-0: Swinging Strike
0-1: Ball
Wild Pitch!
Jose Copado to second
1-1: Ball
2-1: Ground out 5-3 (Groundball, 56S, EV 78.1 MPH)
Batting: RHB Joe Kooyers 0-0: Ball
1-0: Ball
2-0: Foul Ball, location: 2F
2-1: Swinging Strike
2-2: Foul Ball, location: 2F
2-2: Foul Ball, location: 2F
2-2: Foul Ball, location: 2F
2-2: Ball
Wild Pitch!
Jose Copado to third
3-2: Base on Balls
Batting: LHB Joel Soto 0-0: Foul Ball, location: 2F
0-1: Foul Ball, location: 2F
0-2: Ball
1-2: Ball
2-2: Foul Ball, location: 2F
2-2: Fielders Choice at 2nd, 6-4 (Groundball, 6, EV 78.1 MPH)
Bottom of the 5th over - 0 runs, 1 hit, 0 errors, 2 left on base; South Bend 0 - Binghamton 8
TOP OF THE 6TH
South Bend Cubs batting - Pitching for Binghamton Mets : RHP Lawrence Luning
Batting: SHB Alvaro Andrade 0-0: Ball
1-0: Called Strike
1-1: Called Strike
1-2: Foul Ball, location: 2F
1-2: Ball
2-2: Ball
3-2: Foul Ball, location: 2F
3-2: Foul Ball, location: 2F
3-2: Strikes out swinging
Batting: RHB Jason Ostrom 0-0: Called Strike
0-1: Ball
1-1: Foul Ball, location: 2F
1-2: Fly out, F8 (Flyball, 89XD, EV 106.3 MPH)
Batting: RHB Omar Novoa 0-0: Called Strike
0-1: Ball
1-1: Foul Ball, location: 2F
1-2: Foul Ball, location: 2F
1-2: Ground out U3 (Groundball, 3, EV 86.3 MPH)
Top of the 6th over - 0 runs, 0 hits, 0 errors, 0 left on base; South Bend 0 - Binghamton 8
BOTTOM OF THE 6TH
Binghamton Mets batting - Pitching for South Bend Cubs : LHP Andy Bordeaux
Batting: LHB Elmo Dreier 0-0: Reached on error, E5 (Groundball, 56, EV 98.1 MPH)
Batting: RHB Jake Hansford 0-0: Called Strike
0-1: Ball
1-1: Ball
Passed Ball!
Elmo Dreier to second
2-1: Ball
Wild Pitch!
Elmo Dreier to third
3-1: Base on Balls
Batting: RHB Dave Conde 0-0: Ball
1-0: DOUBLE (Line Drive, 78D, EV 105.0 MPH)
Elmo Dreier scores
Jake Hansford to third
Batting: LHB Jose Chavez 0-0: 3-RUN HOME RUN (Flyball, 9LD, EV 96.3 MPH), Distance : 358 ft
Pitching: LHP Bill Tardiff
Batting: RHB Jose Copado 0-0: Ball
1-0: Swinging Strike
1-1: Ball
2-1: Ground out 6-3 (Groundball, P, EV 86.9 MPH)
Batting: RHB Andy Solorzano 0-0: Ball
1-0: Called Strike
1-1: Ball
2-1: Ball
3-1: Base on Balls
Batting: RHB Steve Dunaway 0-0: Ball
1-0: 2-RUN HOME RUN (Flyball, 7LD, EV 95.6 MPH), Distance : 360 ft
Batting: RHB Joe Kooyers 0-0: Ball
1-0: Called Strike
1-1: Ball
2-1: Foul Ball, location: 2F
2-2: Ball
3-2: Base on Balls
Batting: LHB Joel Soto 0-0: Called Strike
0-1: Ball
1-1: Foul Ball, location: 2F
1-2: Ball
2-2: Foul Ball, location: 2F
2-2: Ball
3-2: Fielders Choice at 2nd, 4-6 (Groundball, 4, EV 78.8 MPH)
Pitching: RHP Jason Scott
Batting: LHB Elmo Dreier 0-0: Fly out, F8 (Flyball, 8RD, EV 96.9 MPH)
Bottom of the 6th over - 6 runs, 3 hits, 1 error, 1 left on base; South Bend 0 - Binghamton 14
TOP OF THE 7TH
South Bend Cubs batting - Pitching for Binghamton Mets : RHP Lawrence Luning
Batting: RHB Mike Savage 0-0: Called Strike
0-1: Foul Ball, location: 2F
0-2: Ball
1-2: Ball
2-2: Foul Ball, location: 2F
2-2: SINGLE (Line Drive, 3D, EV 105.0 MPH)
Batting: LHB Mike DiNardo 0-0: Ball
Mike Savage steals 2nd base (no throw)
1-0: Foul Ball, location: 2F
1-1: Swinging Strike
1-2: Strikes out swinging
Batting: LHB Shuan-yan Wu 0-0: SINGLE (Line Drive, 34D, EV 105.6 MPH)
Mike Savage to third
Batting: LHB Jim Polson 0-0: Ground out U3 (Groundball, 34S, EV 74.4 MPH)
Mike Savage scores
Shuan-yan Wu to second
Batting: RHB John Madden 0-0: Called Strike
0-1: Foul Ball, location: 2F
0-2: Ball
1-2: Foul Ball, location: 2F
1-2: Ground out 6-3 (Groundball, 6, EV 91.9 MPH)
Top of the 7th over - 1 run, 2 hits, 0 errors, 1 left on base; South Bend 1 - Binghamton 14
BOTTOM OF THE 7TH
Binghamton Mets batting - Pitching for South Bend Cubs : RHP Jason Scott
Batting: RHB Jake Hansford 0-0: Called Strike
0-1: Ball
1-1: DOUBLE (Groundball, 5L, EV 108.1 MPH)
Batting: RHB Dave Conde 0-0: Ball
1-0: Ball
2-0: Called Strike
2-1: Foul Ball, location: 2F
2-2: Strikes out swinging
Pinch Hitting: RHB Ivan Gonzales 0-0: Ball
1-0: Ball
2-0: Ball
3-0: Base on Balls
Batting: RHB Jose Copado 0-0: Foul Ball, location: 2F
0-1: Ball
1-1: Foul Ball, location: 2F
1-2: Foul Ball, location: 2F
1-2: Ball
2-2: Ball
3-2: Foul Ball, location: 2F
3-2: Fly out, F9 (Flyball, 89S, EV 80.6 MPH)
Pitching: RHP Gavrel Godziashvili
Pinch Hitting: RHB Bill Larsen 0-0: Ground out 6-3 (Groundball, 56, EV 105.0 MPH)
Bottom of the 7th over - 0 runs, 1 hit, 0 errors, 2 left on base; South Bend 1 - Binghamton 14
TOP OF THE 8TH
South Bend Cubs batting - Pitching for Binghamton Mets : RHP Lawrence Luning
Pitching: RHP Iwao Machida
Now at 3B: Bill Larsen
Now in LF: Ivan Gonzales
Now in CF: Jake Hansford
Batting: SHB Benoît Morin 0-0: Called Strike
0-1: Ball
1-1: Swinging Strike
1-2: Strikes out looking
Batting: SHB Alvaro Andrade 0-0: Ball
1-0: Foul Ball, location: 2F
1-1: Swinging Strike
1-2: Strikes out swinging
Batting: RHB Jason Ostrom 0-0: SINGLE (Groundball, 56D, EV 96.3 MPH)
Batting: RHB Omar Novoa 0-0: Ground out 6-3 (Groundball, 6M, EV 98.8 MPH)
Top of the 8th over - 0 runs, 1 hit, 0 errors, 1 left on base; South Bend 1 - Binghamton 14
BOTTOM OF THE 8TH
Binghamton Mets batting - Pitching for South Bend Cubs : RHP Gavrel Godziashvili
Batting: RHB Steve Dunaway 0-0: Ball
1-0: Ball
2-0: Ball
3-0: Called Strike
3-1: SINGLE (Groundball, 6MD, EV 103.1 MPH)
Batting: RHB Joe Kooyers 0-0: Ball
1-0: Called Strike
1-1: Ball
2-1: Ball
3-1: Base on Balls
Steve Dunaway to second
Batting: LHB Joel Soto 0-0: SINGLE (Line Drive, 9S, EV 88.1 MPH)
Steve Dunaway to third
Joe Kooyers to second
Batting: LHB Elmo Dreier 0-0: Foul Ball, location: 2F
0-1: Grounds into double play, 4-6-3 (Groundball, 4, EV 95.0 MPH)
Steve Dunaway scores
Joe Kooyers to third
Batting: RHB Jake Hansford 0-0: Called Strike
0-1: Foul Ball, location: 2F
0-2: Ball
1-2: Ball
2-2: Strikes out swinging
Bottom of the 8th over - 1 run, 2 hits, 0 errors, 1 left on base; South Bend 1 - Binghamton 15
TOP OF THE 9TH
South Bend Cubs batting - Pitching for Binghamton Mets : RHP Iwao Machida
Batting: RHB Mike Savage 0-0: Ball
1-0: Foul Ball, location: 2F
1-1: Called Strike
1-2: Foul Ball, location: 2F
1-2: Ball
2-2: Ball
3-2: Ground out 6-3 (Groundball, 6, EV 83.1 MPH)
Batting: LHB Mike DiNardo 0-0: Ball
1-0: Ball
2-0: Ball
3-0: Called Strike
3-1: Called Strike
3-2: Base on Balls
Pitching: RHP Francis Cornick
Batting: LHB Shuan-yan Wu 0-0: Called Strike
0-1: SINGLE (Groundball, 34D, EV 101.9 MPH)
Mike DiNardo to second
Batting: LHB Jim Polson 0-0: Foul Ball, location: 2F
0-1: Ball
1-1: Ball
2-1: Ball
3-1: Called Strike
3-2: Fly out, F9 (Line Drive, 9, EV 88.1 MPH)
Batting: RHB John Madden 0-0: Called Strike
0-1: Ball
1-1: Ball
2-1: Foul Ball, location: 2F
2-2: Strikes out swinging
Top of the 9th over - 0 runs, 1 hit, 0 errors, 2 left on base; South Bend 1 - Binghamton 15
Thursday, March 31st , 2022 - OOTP Baseball 22.12 Build 89